 Dungeon Crawl Stone Soup version 0.29.1-2-gbd0b4ee654 (webtiles) character file.

Game seed: 4772201961109719058

123 GorkyZ the Chopper (level 5, -1/32 HPs)
             Began as a Gargoyle Gladiator on Nov 23, 2022.
             Slain by a gnoll
             ... wielding a +0 whip
              (4 damage)
             ... on level 3 of the Dungeon.
             The game lasted 00:06:18 (2717 turns).

GorkyZ the Chopper (Gargoyle Gladiator)             Turns: 2717, Time: 00:06:19

Health: -1/32      AC: 15    Str: 17 (19) XL:     5   Next: 7%
Magic:  5/5        EV:  7    Int:  6 (9)  God:
Gold:   43         SH:  0    Dex:  9 (11) Spells: 4/4 levels left

rFire   . . .      SeeInvis .   a - +0 war axe (vorpal)
rCold   . . .      Faith    .   (no shield)
rNeg    + . .      Spirit   .   k - +0 chain mail
rPois   ∞          Reflect  .   c - +1 helmet
rElec   +          Harm     .   (no cloak)
rCorr   .          Rampage  .   f - +0 pair of gloves
Will    .....                   (no boots)
Stlth   ..........              (no amulet)
HPRegen 0.10/turn               (no ring)
MPRegen 0.09/turn               (no ring)

@: on berserk cooldown, slowed, very slow
A: sickness immunity, AC +4, negative energy resistance 1, electricity
resistance, torment resistance 1, petrification resistance
a: no special abilities


You were on level 3 of the Dungeon.
You visited 1 branch of the dungeon, and saw 3 of its levels.

You collected 43 gold pieces.

Inventory:

Hand Weapons
 a - a +0 vorpal war axe (weapon)
Missiles
 d - 3 throwing nets
 e - a javelin
 i - 5 poisoned darts (quivered)
Armour
 b - a +0 leather armour
 c - a +1 helmet (worn)
 f - a +0 pair of gloves (worn)
 h - a +0 ring mail
 k - a +0 chain mail (worn)
Jewellery
 m - a +6 ring of intelligence
 n - a +6 ring of dexterity
Wands
 o - a wand of roots (10)
Scrolls
 l - 2 scrolls of identify {unknown}
 p - a scroll of amnesia {unknown}
Potions
 q - a potion of ambrosia {unknown}


   Skills:
 + Level 2.8 Fighting
 + Level 3.1 Axes
 + Level 2.2 Throwing
 + Level 1.5 Armour
 + Level 2.8 Dodging
 + Level 1.9 Shields
 + Level 1.2 Evocations


You had 4 spell levels left.
You didn't know any spells.
Your spell library was empty.

Dungeon Overview and Level Annotations

Branches:
Dungeon (3/15)

Altars:


Innate Abilities, Weirdness & Mutations

You are immune to sickness and miasma.
Your stone body is resilient. (AC +4)
You are immune to poison.
You resist negative energy. (rN+)
You are resistant to electric shocks. (rElec)
You are resistant to unholy torment.
You are immune to petrification.


Message History

The gnoll hits you but does no damage.
You barely miss the gnoll. The gnoll hits you but does no damage.
You hit the gnoll.
The gnoll is lightly wounded.
The gnoll hits you with a +0 club.
* * * LOW HITPOINT WARNING * * *
It was a potion of berserk rage.
A red film seems to cover your vision as you go berserk!
You feel yourself moving faster!
You feel mighty! The gnoll closely misses you.
You hit the gnoll.
The gnoll is severely wounded.
The gnoll hits you but does no damage.
You slash the gnoll!
You kill the gnoll!
You slash the gnoll!
You kill the gnoll!
The gnoll hits you from afar with a +0 spear.
* * * LOW HITPOINT WARNING * * *
Items here: ( )) ††.
You closely miss the gnoll. The gnoll hits you but does no damage.
You hit the gnoll.
The gnoll is moderately wounded.
The gnoll barely misses you.
You slice the gnoll!!
You kill the gnoll!
You have reached level 5!
You closely miss the gnoll. The gnoll hits you but does no damage.
You closely miss the gnoll. The gnoll hits you with a +0 whip!
* * * LOW HITPOINT WARNING * * *
You barely miss the gnoll. The gnoll completely misses you.
You closely miss the gnoll.
You are no longer berserk.
You are exhausted.
You feel yourself slow down. The gnoll closely misses you.
You closely miss the gnoll. The gnoll hits you but does no damage.
It was a potion of degeneration.
There was something very wrong with that liquid.
You feel weakened.
You feel dopey.
You feel clumsy. The gnoll hits you with a +0 whip.
You die...

...............# #.#
#..............###.###
......##.............#
......##.#.#######.#.#
......##.#.# #.#.#
......##.#.## #.#.#
...........##. #.#.#
.#.. ######..###.#.#
.. ......g@..#.# .#
###########.# .# .#


You could see a gnoll.

Vanquished Creatures
  3 gnolls (D:3)
  2 adders
  2 worms
  A dart slug (D:2)
  6 endoplasms
  3 giant cockroaches
  5 goblins
  8 hobgoblins
  2 jackals (D:3)
  4 quokkas
  5 ball pythons
  10 bats
  6 frilled lizards
  3 kobolds
  7 rats
67 creatures vanquished.

Notes
Turn   | Place    | Note
-------+----------+-------------------------------------------
     0 | D:1      | GorkyZ the Gargoyle Gladiator began the quest for the Orb.
     0 | D:1      | Reached XP level 1. HP: 12/12 MP: 1/1
    69 | D:1      | Reached XP level 2. HP: 17/17 MP: 2/2
   638 | D:1      | Reached skill level 1 in Shields
   671 | D:1      | Reached XP level 3. HP: 21/22 MP: 3/3
  1340 | D:2      | Reached skill level 1 in Armour
  1649 | D:2      | Reached skill level 3 in Axes
  1649 | D:2      | Reached skill level 1 in Evocations
  1679 | D:2      | Reached XP level 4. HP: 23/27 MP: 4/4
  2712 | D:3      | Reached XP level 5. HP: 10/32 MP: 5/5
  2717 | D:3      | Slain by a gnoll

Illustrated notes

Levels and vault maps discovered:
D:1:      lemuel_arrival_broad_hall, layout_loops_ring
D:2:      layout_basic
D:3:      layout_basic

Skill      XL: |  1  2  3 |
---------------+----------+-----
Throwing       | 2 |  2.2
Shields        | 1 |  1.9
Armour         | 1 |  1.5
Axes           | 3 |  3.1
Evocations     | 1 |  1.2
Fighting       | |  2.8
Dodging        | |  2.8

Action                   |  1- 3 |  4- 6 || total
-------------------------+-------+-------++-------
Melee: War axe           |   128 |    91 ||   219
       Punch             |     2 |       ||     2
  Use: Scroll            |       |     4 ||     4
       Potion            |       |     2 ||     2
Armor: Leather armour    |    28 |       ||    28
       Ring mail         |    30 |       ||    30
       Chain mail        |    22 |    74 ||    96
Dodge: Dodged            |   106 |    51 ||   157
